Map: Orbital Shipyard

Players

wabbajack - Winner!

  • Race: Terran Terran
  • League: Gold

VOD

Have the link to the VOD?

Description

Time

  • Played on: July 17, 2015, 11:51 a.m.
  • Length: 7:52
Show
View Real Time Build Order
Export as new Build Order

wabbajack Terran - Winner!

Build Orders:  

Get SALT Encoding   

  12  0:02  SCV  
  12  0:14  SCV  
  12  0:20  Supply Depot  
  12  0:26  SCV  
  12  0:41  SCV  
  12  0:54  SCV  
  12  1:02  Command Center  
  12  1:07  SCV  
  12  1:16  Barracks  
  12  1:21  SCV  
  12  1:25  Refinery  
  12  1:33  SCV  
  12  1:45  SCV  
  12  1:57  SCV  
  12  1:58  Refinery  
  12  2:08  Barracks  
  12  2:13  Barracks, Orbital Command  
  12  2:15  Marine  
  12  2:26  Orbital Command  
  12  2:38  Factory  
  12  2:46  SCV  
  12  2:59  Supply Depot  
  12  3:01  Barracks Reactor  
  12  3:03  Marine x2  
  12  3:09  SCV x2  
  12  3:15  Refinery  
  12  3:21  SCV x2  
  12  3:23  Starport  
  12  3:30  Factory Reactor, Marine  
  12  3:33  Marine  
  12  3:39  Supply Depot  
  12  3:46  SCV x2  
  12  3:53  Supply Depot  
  12  3:54  Marine x2  
  12  3:56  Marine  
  12  3:57  Marine  
  12  3:58  SCV x2  
  12  4:18  Marine x2  
  12  4:19  SCV x2  
  12  4:25  Hellion x2  
  12  4:31  Supply Depot  
  12  4:33  Supply Depot  
  12  4:34  SCV x2  
  12  4:36  Medivac x2  
  12  4:38  Marine x2  
  12  4:39  Marine  
  12  4:45  Armory  
  12  4:46  SCV, Hellion  
  12  4:47  Hellion  
  12  4:52  Liberator x2  
  12  4:53  SCV  
  12  4:54  Supply Depot  
  12  4:57  Supply Depot  
  12  4:59  SCV  
  12  5:08  Hellion x2  
  12  5:11  Marine  
  12  5:12  Marine  
  12  5:13  Marine  
  12  5:21  Engineering Bay  
  12  5:22  Supply Depot  
  12  5:29  Marine  
  12  5:30  Hellion x2, Marine  
  12  5:31  Marine  
  12  5:49  Terran Infantry Weapons Level 1, Liberator x2  
  12  5:52  Hellion x2  
  12  5:54  Barracks Reactor  
  12  5:56  Barracks Tech Lab  
  12  6:04  Barracks Tech Lab  
  12  6:14  Command Center  
Tags
 
Add a new tag
Caveats
  • Supply blocks, unpowered buildings, or Contaminate may cause inaccurate times.
  • Supply counts are checked every 10 seconds.